 Dungeon Crawl Stone Soup version 0.18-a0-1126-ga2d7f46 (webtiles) character file.

444 st0uf the Insei (level 6, -2/50 HPs)
             Began as a Draconian Transmuter on Jan 21, 2016.
             Slain by Menkaure (5 damage)
             ... on level 5 of the Dungeon.
             The game lasted 00:15:07 (3284 turns).

st0uf the Insei (Draconian Transmuter)              Turns: 3284, Time: 00:15:08

Health: -2/50      AC:  6    Str: 13    XL:     6   Next: 72%
Magic:  5/11       EV: 13    Int: 13    God:
Gold:   425        SH:  0    Dex: 13    Spells: 3 memorised, 6 levels left

rFire  . . .     SeeInvis .       - Unarmed
rCold  . . .     Gourm    .     (armour unavailable)
rNeg   . . .     Faith    .     (no shield)
rPois  .         Spirit   .     (helmet restricted)
rElec  .         Dismiss  .     (no cloak)
rCorr  .         Reflect  .     (no gloves)
SustAt .         Harm     .     (boots currently unavailable)
MR     .....                    (no amulet)
Stlth  +.........               (no ring)
                                (no ring)

@: appendage, not resistant to hostile enchantments, very unstealthy
A: unfitting armour, talons 3, cold-blooded, AC +6
a: End Transformation


You were on level 5 of the Dungeon.
You were not hungry.
You had grown temporary talons.
You visited 1 branch of the dungeon, and saw 5 of its levels.
You also visited: Ossuary.

You collected 425 gold pieces.

Inventory:

Missiles
 a - 35 arrows
Jewellery
 g - an uncursed ring of positive energy {unknown}
 n - an uncursed amulet of the gourmand {unknown}
Wands
 w - a wand of random effects (20/48)
Scrolls
 d - a scroll of amnesia {unknown}
 e - a scroll of random uselessness {unknown}
 f - 12 scrolls of identify {unknown}
 h - 2 scrolls of teleportation {unknown}
 j - a scroll of remove curse {unknown}
 k - 2 scrolls of blinking {unknown}
Potions
 i - 3 potions of heal wounds {unknown}
 l - 2 potions of cancellation
 m - 5 potions of curing
 o - a potion of brilliance {unknown}
 p - a potion of mutation {unknown}
 q - a potion of haste {unknown}
 r - a potion of flight {unknown}
 s - a potion of poison {unknown}
 t - 3 potions of agility {unknown}
 x - a potion of might {unknown}
Books
 b - a book of Changes

   Spells                             Type                      Level
   a - Beastly Appendage              Transmutation                1
   b - Sticks to Snakes               Transmutation                2
   c - Spider Form                    Transmutation/Poison         3
   d - Ice Form                       Ice/Transmutation            4
   e - Blade Hands                    Transmutation                5
 v - a book of Enchantments

   Spells                             Type                      Level
   a - Cause Fear                     Hexes                        4
   b - Yara's Violent Unravelling     Hexes/Transmutation          5
   c - Silence                        Hexes/Air                    5
   d - Deflect Missiles               Charms/Air                   6
   e - Haste                          Charms                       6
   f - Discord                        Hexes                        8
Comestibles
 c - 2 bread rations


   Skills:
 + Level 2.4 Fighting
 + Level 2.8 Dodging
 * Level 4.5 Unarmed Combat
 + Level 3.6 Spellcasting
 * Level 4.2 Transmutations
 + Level 0.2 Poison Magic


You had 6 spell levels left.
You knew the following spells:

 Your Spells              Type           Power        Failure   Level  Hunger
a - Beastly Appendage     Trmt           ##....       4%          1    #......
b - Sticks to Snakes      Trmt           ##......     8%          2    ##.....
c - Spider Form           Trmt/Pois      #.........   28%         3    ###....


Dungeon Overview and Level Annotations

Branches:
Dungeon (5/15)
 Temple: D:4-7

Altars:
Ashenzari
Fedhas
Ru

Shops:
D:4 [

Annotations:
D:4 Edmund
D:5 Menkaure


Innate Abilities, Weirdness & Mutations

Your plain brown scales are hard (AC +6).
Your body does not fit into most forms of armour.
You are cold-blooded and may be slowed by cold attacks.
You have claws for feet.


Message History

Confirm with . or Enter, or press ? or * to list all spells.
You create a snake!
You now have 36 arrows.
Menkaure hits your ball python!
Your ball python dies!
Casting: Sticks to Snakes
Confirm with . or Enter, or press ? or * to list all spells.
You create a snake!
You now have 35 arrows.
Menkaure calls on the powers of darkness!
Your body is wracked with pain!
* * * LOW HITPOINT WARNING * * *
You hit Menkaure.
Menkaure is moderately damaged.
Menkaure closely misses you.
Your ball python bites Menkaure.
Your ball python grabs Menkaure.
Your ball python constricts Menkaure.
Menkaure hits you!
* * * LOW HITPOINT WARNING * * *
Casting: Sticks to Snakes
Confirm with . or Enter, or press ? or * to list all spells.
Your feet morph into talons.
Your ball python bites Menkaure.
Your ball python constricts Menkaure.
Menkaure hits you.
You die...

##. #.# #. ... #.#
#.###.### #.####.###
#.......# #...M....#
#.....#.########.#.#
#................#<#
#.......##########.###
.....<.........SM....#
........########@###.#
.......####......# .#
............####.# #
#......###### #..
#.#.##.## ### #%#.
#..# # ##.## # ###..##
.# #.....######.###..


You could see Menkaure and a friendly ball python.

Vanquished Creatures
  An ogre (D:4)
  Blork the orc (D:5)
  2 hounds (D:5)
  A worker ant (D:4)
  A big kobold zombie (Ossuary)
  A hound zombie (D:5)
  5 mummies (Ossuary)
  3 adders
  2 oozes
  3 worms (D:2)
  2 giant geckos
  An orc (D:5)
  2 giant cockroaches
  2 goblins (D:2)
  3 hobgoblins
  5 jackals
  6 kobolds
  A ball python (D:4)
  2 bats
  2 giant newts (D:2)
  2 gnoll zombies (Ossuary)
  A kobold zombie (Ossuary)
  5 rats
54 creatures vanquished.

Vanquished Creatures (collateral kills)
  3 mummies (Ossuary)
  2 hobgoblin zombies (Ossuary)
  A kobold zombie (Ossuary)
  An orc zombie (Ossuary)
7 creatures vanquished.

Grand Total: 61 creatures vanquished

Notes
Turn   | Place    | Note
--------------------------------------------------------------
     0 | D:1      | st0uf the Draconian Transmuter began the quest for the Orb.
     0 | D:1      | Reached XP level 1. HP: 16/16 MP: 3/3
   124 | D:1      | Reached XP level 2. HP: 23/23 MP: 3/5
   752 | D:2      | Reached XP level 3. HP: 18/28 MP: 4/6
   876 | D:2      | Found a sacrificial altar of Ru.
   887 | D:2      | Found a shattered altar of Ashenzari.
   948 | D:2      | Found a blossoming altar of Fedhas.
  1374 | D:4      | Reached XP level 4. HP: 34/36 MP: 5/7
  1457 | D:4      | Noticed a centaur
  1480 | D:4      | Found a sand-covered staircase.
  1483 | D:4      | Noticed an ogre
  1488 | D:4      | Learned a level 2 spell: Sticks to Snakes
  1492 | D:4      | Learned a level 3 spell: Spider Form
  1502 | D:4      | Killed an ogre
  1502 | D:4      | Reached skill level 4 in Unarmed Combat
  1502 | D:4      | Reached XP level 5. HP: 41/41 MP: 1/9
  1570 | Ossuary  | Entered an ossuary
  2248 | Ossuary  | Reached XP level 6. HP: 48/48 MP: 4/10
  2764 | D:4      | Found Poiw's Armour Shop.
  2767 | D:4      | Noticed Edmund
  2773 | D:5      | Entered Level 5 of the Dungeon
  2965 | D:5      | Noticed Blork the orc
  2978 | D:5      | Killed Blork the orc
  3063 | D:5      | Noticed Menkaure
  3283 | D:5      | HP: 2/50 [Menkaure (13)]
  3284 | D:5      | Slain by Menkaure

Vault maps used:
D:1:      scummos_arrival_checkerplants, kennysheep_doodads
D:2:      overflow_temple_1_default, lemuel_crystal_altar, lemuel_crystal_altar
D:3:      grunt_temple_overflow_magic_moments, nicolae_overflow_crystal_walls,
          ecumenical_altar_1
D:4:      serial_shops, nicolae_shop_stone, nicolae_ossuary_entry_monument,
          uniq_edmund
D:5:      first_bread, serial_glass, glass_columns_c, glass_columns_b,
          glass_columns_a, glass_columns_c, glass_columns_a, glass_columns_a,
          glass_columns_a, glass_columns_c, glass_columns_b, glass_columns_b,
          glass_columns_b, hangedman_decor_clover_reticule, uniq_blork_the_orc,
          uniq_menkaure
Ossuary:  ossuary_tomb_3

Action                   |  1- 3 |  4- 6 || total
-------------------------+-------+-------++-------
Melee: Unarmed           |   129 |   150 ||   279
 Cast: Beastly Appendage |    21 |    12 ||    33
       Spider Form       |       |     4 ||     4
       Sticks to Snakes  |       |    15 ||    15
  Use: Potion            |       |     2 ||     2
 Stab: Distracted        |       |     3 ||     3
  Eat: Chunk             |     2 |     1 ||     3
       Fruit             |       |     2 ||     2
       Meat ration       |       |     1 ||     1
